 Dungeon Crawl Stone Soup version 0.29-a0-284-gf9362112df (webtiles) character file.

Game seed: 9333234254831029663

32 dolemite99 the Chopper (level 3, -5/31 HPs)
             Began as a Hill Orc Fighter on Mar 20, 2022.
             Slain by Terence
             ... wielding a +0 flail
              (9 damage)
             ... on level 2 of the Dungeon.
             The game lasted 00:00:51 (788 turns).

dolemite99 the Chopper (Hill Orc Fighter)            Turns: 788, Time: 00:00:52

Health: -5/31      AC:  9    Str: 20    XL:     3   Next: 27%
Magic:  3/3        EV:  7    Int:  8    God:
Gold:   84         SH:  4    Dex: 10    Spells: 2/2 levels left

rFire   . . .      SeeInvis .   a - +0 war axe
rCold   . . .      Faith    .   c - +0 buckler
rNeg    . . .      Spirit   .   i - +0 chain mail
rPois   .          Reflect  .   (no helmet)
rElec   .          Harm     .   (no cloak)
rCorr   .          Rampage  .   (no gloves)
Will    .....                   (no boots)
Stlth   ..........              (no amulet)
HPRegen 0.10/turn               (no ring)
MPRegen 0.08/turn               (no ring)

@: mighty
A: no striking features
a: no special abilities


You were on level 2 of the Dungeon.
You visited 1 branch of the dungeon, and saw 2 of its levels.

You collected 84 gold pieces.

Inventory:

Hand Weapons
 a - a +0 war axe (weapon)
Missiles
 j - 32 stones (quivered)
 k - 5 poisoned darts
Armour
 b - a +0 scale mail
 c - a +0 buckler (worn)
 i - a +0 chain mail (worn)
Jewellery
 h - a ring of fire
Scrolls
 f - a scroll of teleportation {unknown}
 g - a scroll of identify {unknown}
Potions
 e - a potion of brilliance {unknown}


   Skills:
 - Level 3.6 Fighting
 + Level 4.8 Axes
 - Level 3.2 Armour
 - Level 3.2 Shields


You had 2 spell levels left.
You didn't know any spells.
Your spell library was empty.

Dungeon Overview and Level Annotations

Branches:
Dungeon (2/15)

Altars:

Annotations:
D:2 Terence


Message History

You feel stronger. x2
You start resting.
HP restored.
You start waiting.
A ball python is nearby!
The ball python hisses angrily.
The ball python attacks as you move away!
The ball python bites you but does no damage.
You block the ball python's attack. The ball python closely misses you. x2
You see here a stone.
There are no items here.
You barely miss the ball python. The ball python closely misses you.
The ball python grabs you. The ball python constricts you.
You barely miss the ball python.
The ball python bites you but does no damage.
The ball python constricts you. You block the ball python's attack.
The ball python constricts you.
You slash the ball python!
You kill the ball python!
j - 32 stones (gained 1)
You see here a ball python corpse.
You start waiting.
Done waiting.
You open the door.
There is an open door here.
You open the large door.
Terence the Incautious comes into view.
He is wielding a +0 flail.
Terence shouts!
Terence drinks a potion.
Terence goes berserk!
There is a large open door here.
You hit Terence but do no damage. Terence hits you with a +0 flail!
Terence closely misses you.
You hit Terence but do no damage. You block Terence's attack.
Terence hits you with a +0 flail.
You are too injured to fight recklessly!
You feel very mighty all of a sudden. Terence hits you with a +0 flail!
* * * LOW HITPOINT WARNING * * *
Terence hits you with a +0 flail!
You die...

...###.## .......#
..###.#..+
#.#..<..#+#
#####.#.#..##.##
.....#...##.8.##
...#..##.....##
######.#.##...'...#
.......÷.#...#@#...#
....#...'8.##@# 8+
## #...#.##...
#†..###..... #...#
....#..
##..#.........
#....#######..
#....... .##
#.######


You could see Terence (berserk).

Vanquished Creatures
  An adder (D:2)
  2 dart slugs (D:1)
  A bat (D:1)
  3 endoplasms (D:1)
  3 giant cockroaches
  A goblin (D:1)
  2 hobgoblins (D:1)
  A quokka (D:1)
  A ball python (D:2)
  A kobold (D:1)
  2 rats (D:1)
18 creatures vanquished.

Vanquished Creatures (others)
  4 toadstools (D:1)
4 creatures vanquished.

Grand Total: 22 creatures vanquished

Notes
Turn   | Place    | Note
-------+----------+-------------------------------------------
     0 | D:1      | dolemite99 the Hill Orc Fighter began the quest for the
                  | Orb.
     0 | D:1      | Reached XP level 1. HP: 19/19 MP: 1/1
    65 | D:1      | Reached skill level 3 in Axes
   113 | D:1      | Reached XP level 2. HP: 24/26 MP: 2/2
   194 | D:1      | Reached skill level 4 in Axes
   498 | D:2      | Reached XP level 3. HP: 20/31 MP: 3/3
   784 | D:2      | Noticed Terence
   788 | D:2      | Slain by Terence

Illustrated notes

Levels and vault maps discovered:
D:1:      ldierk_walled_garden_2, layout_basic
D:2:      layout_basic, grunt_decor_arrowhead, uniq_terence,
          uniq_crazy_yiuf_cottage, uniq_robin

Skill      XL: |  1  2 |
---------------+-------+-----
Axes           | 3 4 |  4.8
Fighting       | |  3.6
Armour         | |  3.2
Shields        | |  3.2

Action                   || total
-------------------------++-------
Melee: War axe           ||    39
Throw: Stone             ||    11
  Use: Potion            ||     1
Armor: Scale mail        ||     8
       Chain mail        ||    11
Dodge: Dodged            ||    18
Block: Buckler           ||    10

Table legend: (Time is in decaauts)
 A = Elapsed time spent in this place.
 B = Non-inter-level travel time spent in this place.
 C = Inter-level travel time spent in this place.
 D = Time resting spent in this place.
 E = Time spent auto-exploring this place.
 F = Levels seen in this place.
 G = Mean time per level.
                   A        B        C        D        E       F      G
               +--------+--------+--------+--------+--------+-----+--------+
         Total |    802 |    790 |     12 |    270 |    310 |   2 |  401.0 |
       Dungeon |    802 |    790 |     12 |    270 |    310 |   2 |  401.0 |
               +--------+--------+--------+--------+--------+-----+--------+

Top non-repeatable levels by time:
     D:1: 494 daAuts
     D:2: 308 daAuts
